 Dungeon Crawl Stone Soup version 0.31.0-9-g3a7656b989 (webtiles) character file.

Game seed: 15112110467960766573

20 qw the Shooter (level 2, -2/24 HPs)
             Began as a Demigod Hunter on Feb 2, 2024.
             Incinerated by a bombardier beetle (4 damage)
             ... with a burning spray
             ... on level 1 of the Dungeon.
             The game lasted 00:00:03 (981 turns).

qw the Shooter (Demigod Hunter)                      Turns: 981, Time: 00:00:03

Health: -2/24      AC:  9    Str: 18    XL:     2   Next: 42%
Magic:  4/4        EV: 11    Int: 11    God:
Gold:   63         SH:  0    Dex: 17    Spells: 1/1 levels left

rFire   . . .        i - +3 sling (flame)
rCold   . . .        (no shield)
rNeg    . . .        j - +0 ring mail
rPois   .            (no helmet)
rElec   .            d - +2 cloak
rCorr   .            m - +0 pair of gloves
SInv    .            (no boots)
Will    .....        (no amulet)
Stlth   +            a - +6 ring of strength
HPRegen 0.24/turn    (no ring)
MPRegen 0.09/turn

%: no passive effects
@: on fire, glowing
A: high MP 1, forlorn, divine attributes
a: no special abilities


You were on level 1 of the Dungeon.
You visited 1 branch of the dungeon, and saw 2 of its levels.

You collected 63 gold pieces.


Innate Abilities, Weirdness & Mutations

You have an increased reservoir of magic. (+10% MP)
You shall have no god before yourself.
Your divine heritage dramatically boosts your attributes as you level up.


   Skills:
 - Level 2.0 Fighting
 - Level 4.2 Ranged Weapons
 + Level 0.0 Armour
 - Level 1.7 Dodging
 - Level 0.8 Stealth


You had one spell level left.
You didn't know any spells.
Your spell library was empty.

Inventory:

Hand Weapons
 i - a +3 sling of flaming (weapon)
Armour
 d - a +2 cloak (worn)
 j - a +0 ring mail (worn)
 m - a +0 pair of gloves (worn)
Jewellery
 a - a +6 ring of strength (left hand)
Potions
 f - a potion of magic {unknown}
 g - a potion of degeneration {unknown}
 k - a potion of haste {unknown}
 l - a potion of heal wounds {unknown}
 n - a potion of attraction {unknown}
 p - a potion of brilliance {unknown}
 q - a potion of curing {unknown}

Dungeon Overview and Level Annotations

Branches:
Dungeon (2/15)

Annotations:
D:2 Sigmund


Message History

Done exploring.
969 ||| DROPPING 4 potions of berserk rage.
You drop 4 potions of berserk rage.
Done exploring.
What level of the Dungeon? (default 1, ? - help)
There is a stone staircase leading down here.
You climb downwards.
Found a faded altar of an unknown god.
Found an escape hatch in the ceiling.
Found a stone staircase leading up.
There is a stone staircase leading up here.
There are monsters nearby!
Waypoint 1 assigned to D:2.
You shoot a sling bullet.
The sling bullet hits the bombardier beetle!
The sling bullet burns the bombardier beetle.
The bombardier beetle is severely wounded.
You hear an angry hiss.
You shoot a sling bullet.
The sling bullet barely misses the bombardier beetle.
A ball python comes into view.
The bombardier beetle sprays incendiary fluid at you.
The burning spray hits you.
You are covered in liquid fire!
You shoot a sling bullet. The sling bullet hits the ball python.
The sling bullet burns the ball python.
You kill the ball python!
The liquid fire burns you!
You hear a shout!
The bombardier beetle sprays incendiary fluid at you.
The burning spray misses you.
978 ||| STAIRDANCE The liquid fire burns you!
You shake off some of the fire as you move.
You climb upwards.
The liquid fire burns you!
There is a stone staircase leading down here.
You are on fire!
The liquid fire burns you!
You are on fire!
The liquid fire burns you!
You die...

##..###.# #.# #.# #..#
#.# #.# #.#
#..###.####.# #.#
##...........# #.#
##..###.###..## #.#
##..# #.# #...# #.#
....# #.# #...###.#
##.####.###.......#
.............!..@##
..%####.#.#......######
##.## #...............#
....# #...#...##.##.#.#
....###...#..###.##.#.#
....+........# ####.#.#
....####..#..# #.#.#
....# #..#..# #.#.#
....# #..#..# #.#.#


There were no monsters in sight!

Vanquished Creatures
  3 bats (D:1)
  An endoplasm (D:1)
  4 goblins (D:1)
  2 hobgoblins (D:1)
  3 kobolds (D:1)
  3 ball pythons
  2 frilled lizards (D:1)
  2 rats (D:1)
20 creatures vanquished.

Notes
Turn   | Place    | Note
-------+----------+-------------------------------------------
     0 | D:1      | qw the Demigod Hunter began the quest for the Orb.
     0 | D:1      | Reached XP level 1. HP: 17/17 MP: 3/3
     0 | D:1      | 0 ||| qw: Version: 0.3-a-155-g5e7d8dd
     0 | D:1      | 0 ||| qw: Game counter: 182
     0 | D:1      | 0 ||| qw: Melee chars always use a shield: true
     0 | D:1      | 0 ||| qw: God list: Okawaru
     0 | D:1      | 0 ||| qw: Allow faded altars: false
     0 | D:1      | 0 ||| qw: Do Orc after clearing Dungeon:15 true
     0 | D:1      | 0 ||| qw: Do second Lair branch before Depths: true
     0 | D:1      | 0 ||| qw: Lair rune preference: random
     0 | D:1      | 0 ||| qw: Goals: Normal
     0 | D:1      | 0 ||| PLANNING D:1-11
   124 | D:1      | Reached skill level 4 in Ranged Weapons
   131 | D:1      | 131 ||| SWAPPING to +3 sling of freezing.
   132 | D:1      | 132 ||| DROPPING +0 shortbow.
   151 | D:1      | Reached XP level 2. HP: 23/24 MP: 4/4
   836 | D:1      | 836 ||| UPGRADING to +2 cloak.
   841 | D:1      | 841 ||| UPGRADING to +0 ring mail.
   851 | D:1      | 851 ||| DROPPING +0 leather armour.
   852 | D:1      | 852 ||| UPGRADING to +0 pair of gloves.
   857 | D:1      | 857 ||| UPGRADING to +6 ring of strength.
   858 | D:1      | 858 ||| READING scroll labelled FAECRUO GEXT.
   858 | D:1      | 858 ||| BRANDING +3 sling of freezing.
   859 | D:1      | 859 ||| READING scroll labelled ZUGUFF COUMA.
   863 | D:1      | 863 ||| DRINKING 5 bubbling purple potions.
   968 | D:1      | 968 ||| DROPPING scroll of butterflies.
   969 | D:1      | 969 ||| DROPPING 4 potions of berserk rage.
   978 | D:2      | 978 ||| STAIRDANCE
   978 | D:2      | Noticed Sigmund
   979 | D:1      | HP: 5/24 [burnt (9)]
   980 | D:1      | HP: 2/24 [burnt (3)]
   981 | D:1      | Incinerated by a bombardier beetle

Levels and vault maps discovered:
D:1:      ldierk_walled_garden_2, layout_basic, minmay_tetromino_i2
D:2:      layout_basic, nicolae_ecumenical_pavilion, palyth_stone_intersect,
          hex_intersection, uniq_crazy_yiuf_cottage, uniq_sigmund, uniq_terence

Skill      XL: |  1 |
---------------+----+-----
Ranged Weapons | 4 |  4.2
Fighting       | 2 |  2.0
Dodging        | |  1.7
Stealth        | |  0.8

Action                     || total
---------------------------++-------
   Fire: Shortbow          ||    18
         Sling             ||    29
    Use: Scroll            ||     2
         Potion            ||     1
 Armour: Leather armour    ||     4
  Dodge: Dodged            ||     6

Table legend:
 A = Non-vault XP
 B = Vault XP
 C = Vault XP percentage of total XP
 D = Non-vault monster count
 E = Vault monster count
 F = Vault count percentage of total count
                 A         B        C        D         E       F
            +---------+---------+-------+---------+---------+-------
      Total |      26 |       3 |  10.3 |      18 |       2 |  10.0
            +---------+---------+-------+---------+---------+-------
        D:1 |      25 |       3 |  10.7 |      17 |       2 |  10.5
        D:2 |       1 |       0 |   0.0 |       1 |       0 |   0.0
            +---------+---------+-------+---------+---------+-------
